 Dungeon Crawl Stone Soup version 0.29.1 (webtiles) character file.

Game seed: 6150295872128732037

148 groovy9 the Shooter (level 5, -14/42 HPs)
             Began as a Minotaur Hunter on Sept 15, 2022.
             Killed from afar by Ijyb (21 damage)
             ... with a bolt of light
             ... on level 2 of the Dungeon.
             The game lasted 00:05:51 (1999 turns).

groovy9 the Shooter (Minotaur Hunter)               Turns: 1999, Time: 00:05:52

Health: -14/42     AC:  6    Str: 15    XL:     5   Next: 8%
Magic:  4/4        EV: 12    Int:  6    God:
Gold:   110        SH:  0    Dex: 16    Spells: 4/4 levels left

rFire   . . .      SeeInvis .   a - +0 shortbow
rCold   . . .      Faith    .   (shield currently unavailable)
rNeg    . . .      Spirit   .   c - +0 leather armour
rPois   .          Reflect  .   (helmet restricted)
rElec   .          Harm     .   i - +0 cloak
rCorr   .          Rampage  .   k - +0 pair of gloves
Will    .....                   f - +0 pair of boots
Stlth   +.........              (no amulet)
HPRegen 0.14/turn               (no ring)
MPRegen 0.09/turn               (no ring)

@: no status effects
A: horns 2, retaliatory headbutt
a: no special abilities


You were on level 2 of the Dungeon.
You visited 1 branch of the dungeon, and saw 3 of its levels.

You collected 110 gold pieces.

Inventory:

Hand Weapons
 a - a +0 shortbow (weapon)
Armour
 c - a +0 leather armour (worn)
 f - a +0 pair of boots (worn)
 i - a +0 cloak (worn)
 k - a +0 pair of gloves (worn)
Scrolls
 b - 2 scrolls of immolation
 m - a scroll of teleportation {unknown}
 n - a scroll of fear
 o - a scroll of poison {unknown}
Potions
 d - a potion of cancellation
 e - a potion of curing {unknown}
 g - a potion of berserk rage {unknown}
 h - a potion of attraction {unknown}
 j - 2 potions of brilliance {unknown}
 l - a potion of mutation {unknown}
 p - a potion of invisibility {unknown}


   Skills:
 - Level 2.4 Fighting
 + Level 7.1 Ranged Weapons
 - Level 2.1 Dodging
 - Level 0.7 Stealth


You had 4 spell levels left.
You didn't know any spells.
Your spell library contained the following spells:

 Spells                   Type           Power      Damage    Failure   Level
 Chain Lightning          Conj/Air       0%         N/A       100%        9
 Fire Storm               Conj/Fire      0%         5d1       100%        9
 Shatter                  Erth           0%         3d5*      100%        9


Dungeon Overview and Level Annotations

Branches:
Dungeon (3/15)

Altars:

Shops:
D:2 *((

Annotations:
D:2 Ijyb


Innate Abilities, Weirdness & Mutations

You have a pair of horns on your head.
You reflexively headbutt those who attack you in melee.


Message History

Ijyb zaps a wand.
The bolt of light hits you!
Non-targeted confused fire: a) +0 shortbow
Press: ? - help, Q - select action Dir - look around, f - activate You shoot an arrow.
The arrow closely misses the orc wizard.
Ijyb hits you but does no damage. Ijyb hits you with a +0 club.
You climb upwards.
There is a stone staircase leading down here.
Non-targeted confused fire: a) +0 shortbow
Press: ? - help, Q - select action Dir - look around, f - activate You shoot an arrow.
Ijyb completely misses you.
Non-targeted confused fire: a) +0 shortbow
Press: ? - help, Q - select action Dir - look around, f - activate You shoot an arrow.
You feel less confused. Ijyb closely misses you. Ijyb hits you with a +0 club.
Fire: a) +0 shortbow
Press: ? - help, Q - select action Shift-Dir - straight line, f - Ijyb
Aim: Ijyb, wielding a +0 club, wearing a +0 ring mail and carrying a wand of light (7) (almost dead, 61% to hit)
You shoot an arrow. The arrow completely misses Ijyb.
Ijyb zaps a wand.
The bolt of light hits you!
You are confused.
* * * LOW HITPOINT WARNING * * *
Okay, then.
You are too confused!
It was a potion of cancellation.
Your magical effects are unravelling.
You feel magically purged.
You feel less confused. Ijyb closely misses you.
Fire: a) +0 shortbow
Press: ? - help, Q - select action Shift-Dir - straight line, f/p - Ijyb
Aim: Ijyb, wielding a +0 club, wearing a +0 ring mail and carrying a wand of light (6) (almost dead, 61% to hit)
You shoot an arrow. The arrow hits Ijyb.
Ijyb is almost dead.
Ijyb zaps a wand.
The bolt of light hits you!!
Ouch! That really hurt!
You die...

###...##)......#.##............#
#...##.......#.#............###
###............#...............
#.####..#.#.##............###
#.# #.....................#
####.#####...##.##..........[#
#.......###.....##...........#
#.......#######.##...........#
##.......##.....@.............#
.........###'#.g.(...#'########
...##.#........#.###.#.#
...##.#........#.# #.#.#
...##.#........#.###.#.# #####
......'..............#∩# #....
)..##.#........#.#####.# #.###
...##........#.#.#####.# #.#
......####..........##.# #.#


You could see Ijyb.

Vanquished Creatures
  An orc priest (D:3)
  4 gnolls (D:2)
  An adder (D:2)
  A worm (D:2)
  2 dart slugs
  5 orcs
  4 bats (D:1)
  An endoplasm (D:2)
  2 giant cockroaches
  6 goblins
  5 hobgoblins
  7 jackals
  A quokka (D:1)
  3 ball pythons
  3 frilled lizards
  5 kobolds
  4 rats (D:1)
55 creatures vanquished.

Notes
Turn   | Place    | Note
-------+----------+-------------------------------------------
     0 | D:1      | groovy9 the Minotaur Hunter began the quest for the Orb.
     0 | D:1      | Reached XP level 1. HP: 18/18 MP: 0/0
    60 | D:1      | Reached XP level 2. HP: 22/25 MP: 1/1
    66 | D:1      | Reached skill level 5 in Ranged Weapons
   445 | D:1      | Reached XP level 3. HP: 30/30 MP: 2/2
   790 | D:2      | Reached skill level 6 in Ranged Weapons
   796 | D:2      | Reached XP level 4. HP: 29/37 MP: 3/3
   956 | D:2      | Found Kiod's Weapon Emporium.
   964 | D:2      | Found Tuheqaug's Weapon Shoppe.
  1080 | D:2      | Found Reygocvu's General Store.
  1903 | D:3      | Reached skill level 7 in Ranged Weapons
  1903 | D:3      | Reached XP level 5. HP: 42/42 MP: 4/4
  1907 | D:3      | Found a faded altar of an unknown god.
  1982 | D:3      | Noticed Ijyb
  1999 | D:2      | Killed from afar by Ijyb

Illustrated notes

Levels and vault maps discovered:
D:1:      saegor_arrival_simple_a, layout_rooms
D:2:      layout_basic, serial_shops, shop, nicolae_shop_trees,
          nicolae_shop_waterfront
D:3:      layout_loops_ring, mainiacjoe_overflow_catwalk,
          mainiacjoe_overflow_six_doors_small, serial_shops,
          nicolae_shop_overgrown_old_shop, basic_ecumenical_altar, uniq_ijyb,
          uniq_jessica

Skill      XL: |  1  2  3  4 |
---------------+-------------+-----
Ranged Weapons | 5 6 7 |  7.1
Fighting       | |  2.4
Dodging        | |  2.1
Stealth        | |  0.7

Action                   |  1- 3 |  4- 6 || total
-------------------------+-------+-------++-------
 Fire: Shortbow          |   106 |    66 ||   172
  Use: Scroll            |     1 |       ||     1
       Potion            |       |     1 ||     1
Armor: Leather armour    |    16 |    12 ||    28
Dodge: Dodged            |    31 |    25 ||    56
